 Dungeon Crawl Stone Soup version 0.31.0-32-g396128a36d (webtiles) character file.

Game seed: 8325394453038768830

149 601d51SH the Shield-Bearer (level 5, 0/47 HPs)
             Began as a Gnoll Fighter on Apr 2, 2024.
             Slain by an orc
             ... wielding a +0 short sword
              (4 damage)
             ... on level 4 of the Dungeon.
             The game lasted 00:02:58 (2029 turns).

601d51SH the Shield-Bearer (Gnoll Fighter)          Turns: 2029, Time: 00:02:58

Health: 0/47       AC:  7    Str: 17    XL:     5   Next: 31%
Magic:  7/7        EV:  9    Int:  7    God:
Gold:   200        SH:  5    Dex: 12    Spells: 7/7 levels left

rFire   . . .        w - +1 falchion (holy)
rCold   . . .        c - +0 buckler
rNeg    . . .        b - +0 scale mail
rPois   .            (no helmet)
rElec   .            (no cloak)
rCorr   .            (no gloves)
SInv    .            (no boots)
Will    .....        (no amulet) Stlth
                     r - ring of wizardry
HPRegen 0.27/turn    (no ring)
MPRegen 0.10/turn

%: wizardry (x1)
@: no status effects
A: fangs 1, strong nose, distributed training
a: no special abilities


You were on level 4 of the Dungeon.
You visited 1 branch of the dungeon, and saw 4 of its levels.

You collected 200 gold pieces.

Inventory:

Hand Weapons
 a - a +0 trident
 w - a +1 falchion of holy wrath (weapon)
Missiles
 v - 2 poisoned darts (quivered)
Armour
 b - a +0 scale mail (worn)
 c - a +0 buckler (worn)
Jewellery
 r - a ring of wizardry (left hand)
 u - a ring of willpower
Scrolls
 e - 3 scrolls of immolation {unknown}
 f - a scroll of poison {unknown}
 h - a scroll of fog {unknown}
 i - a scroll of amnesia {unknown}
 j - a scroll of torment {unknown}
 k - 2 scrolls of identify {unknown}
 m - 2 scrolls of fear {unknown}
 o - 2 scrolls of butterflies {unknown}
 p - 3 scrolls of teleportation {unknown}
Potions
 d - a potion of might
 g - a potion of resistance {unknown}
 l - 3 potions of heal wounds {unknown}
 n - a potion of mutation {unknown}
 q - a potion of lignification {unknown}
 s - a potion of brilliance {unknown}
 t - a potion of enlightenment {unknown}


   Skills:
 + Level 6.7 Fighting
 + Level 1.5 Short Blades
 + Level 1.5 Long Blades
 + Level 1.5 Axes
 + Level 1.5 Maces & Flails
 + Level 4.8 Polearms
 + Level 1.5 Staves
 + Level 1.5 Ranged Weapons
 + Level 1.5 Throwing
 + Level 6.7 Armour
 + Level 1.5 Dodging
 + Level 1.5 Stealth
 + Level 6.7 Shields
 + Level 1.5 Unarmed Combat
 + Level 1.5 Spellcasting
 + Level 1.2 Conjurations
 + Level 1.2 Hexes
 + Level 1.2 Summonings
 + Level 1.2 Necromancy
 + Level 1.2 Translocations
 + Level 1.2 Fire Magic
 + Level 1.2 Ice Magic
 + Level 1.2 Air Magic
 + Level 1.2 Earth Magic
 + Level 1.2 Alchemy
 + Level 1.7 Invocations
 + Level 1.5 Evocations
 + Level 1.3 Shapeshifting


You had 7 spell levels left.
You didn't know any spells.
Your spell library contained the following spells:

 Spells                   Type           Power      Damage    Failure   Level
 Magic Dart               Conj           8%         1d3       32%         1
 Blink                    Tloc           4%         N/A       45%         2
 Call Imp                 Summ           4%         N/A       45%         2


Dungeon Overview and Level Annotations

Branches:
Dungeon (4/15)
 Temple: D:4-7

Altars:
Elyvilon
Xom


Innate Abilities, Weirdness & Mutations

You have very sharp teeth.
Your uncanny sense of smell can sniff out nearby items.
Your experience applies equally to all skills.


Message History

You barely miss the orc.
The orc is moderately wounded.
The orc priest calls upon Beogh to heal the orc.
The orc's wounds heal themselves!
You block the orc's attack. The orc barely misses you.
You hit the orc.
The orc is heavily wounded.
The orc hits you but does no damage. x2; The orc closely misses you.
You slash the orc priest!
The orc priest is heavily wounded.
The orc priest hits you but does no damage.
The orc hits you with a +0 short sword. The orc hits you with a +0 war axe.
You hit the orc priest but do no damage.
The orc priest is heavily wounded.
The orc priest looks satisfied for a moment.
The orc hits you with a +0 short sword. The orc closely misses you.
Unknown command.
You slash the orc priest!
The orc priest is almost dead.
You block the orc priest's attack. The orc barely misses you.
The orc hits you with a +0 war axe.
You closely miss the orc priest. Your bite misses the orc priest.
The orc priest is almost dead.
The orc priest invokes the aid of Beogh against you.
Beogh smites you!
* * * LOW HITPOINT WARNING * * *
The orc closely misses you. The orc barely misses you.
You block the orc's attack. The orc priest hits you with a +0 mace.
* * * LOW HITPOINT WARNING * * *
You block the orc's attack.
You slash the orc priest!
You kill the orc priest!
The orc hits you but does no damage. The orc hits you with a +0 war axe.
* * * LOW HITPOINT WARNING * * *
The orc attacks as it pursues you! You block the orc's attack.
The orc attacks as it pursues you! The orc hits you but does no damage.
You slash the orc!
You kill the orc!
The orc hits you with a +0 short sword.
You die...

#. #.##### #.
#.....# #. #
#.###.# #> .#
#.# #.# #.##.
#.# #.# #...
#.# #.# #))#
#.# #.#
#.o######.###.#
#.)@..........#
#.........#####
##.######## #..
#.# #.# #.# #.


You could see an orc.

Vanquished Creatures
  An orc priest (D:4)
  A jelly (D:3)
  A gnoll (D:1)
  2 adders
  3 dart slugs
  A ribbon worm (D:4)
  6 orcs
  5 ball pythons
  3 bats
  3 endoplasms
  3 giant cockroaches
  6 goblins
  2 hobgoblins (D:1)
  A jackal (D:3)
  4 quokkas
  3 frilled lizards
  5 kobolds
  3 rats
53 creatures vanquished.

Notes
Turn   | Place    | Note
-------+----------+-------------------------------------------
     0 | D:1      | 601d51SH the Gnoll Fighter began the quest for the Orb.
     0 | D:1      | Reached XP level 1. HP: 23/23 MP: 1/1
   113 | D:1      | You fall into a shaft and drop 1 floor!
   143 | D:2      | Reached XP level 2. HP: 29/29 MP: 2/2
   256 | D:1      | Reached XP level 3. HP: 35/35 MP: 3/3
   446 | D:1      | Reached skill level 1 in Invocations
   542 | D:2      | Reached skill level 1 in Short Blades
   542 | D:2      | Reached skill level 1 in Long Blades
   542 | D:2      | Reached skill level 1 in Axes
   542 | D:2      | Reached skill level 1 in Maces & Flails
   542 | D:2      | Reached skill level 1 in Staves
   542 | D:2      | Reached skill level 1 in Ranged Weapons
   542 | D:2      | Reached skill level 1 in Throwing
   542 | D:2      | Reached skill level 1 in Dodging
   542 | D:2      | Reached skill level 1 in Stealth
   542 | D:2      | Reached skill level 1 in Unarmed Combat
   542 | D:2      | Reached skill level 1 in Spellcasting
   542 | D:2      | Reached skill level 1 in Evocations
  1061 | D:3      | Reached skill level 1 in Shapeshifting
  1061 | D:3      | Reached XP level 4. HP: 41/41 MP: 5/5
  1090 | D:3      | Reached skill level 1 in Conjurations
  1090 | D:3      | Reached skill level 1 in Hexes
  1090 | D:3      | Reached skill level 1 in Summonings
  1090 | D:3      | Reached skill level 1 in Necromancy
  1090 | D:3      | Reached skill level 1 in Translocations
  1090 | D:3      | Reached skill level 1 in Fire Magic
  1090 | D:3      | Reached skill level 1 in Ice Magic
  1090 | D:3      | Reached skill level 1 in Air Magic
  1090 | D:3      | Reached skill level 1 in Earth Magic
  1090 | D:3      | Reached skill level 1 in Alchemy
  1156 | D:3      | Found a shimmering altar of Xom.
  1443 | D:3      | Found a faded altar of an unknown god.
  1445 | D:3      | Noticed a great orb of eyes
  1446 | D:3      | Noticed a shining eye
  1446 | D:3      | Noticed an eye of devastation
  1446 | D:3      | Noticed a glass eye
  1837 | D:4      | Reached XP level 5. HP: 47/47 MP: 7/7
  1891 | D:4      | Found a white marble altar of Elyvilon.
  2029 | D:4      | Slain by an orc

Illustrated notes

Levels and vault maps discovered:
D:1:      pf_arrival_petrified_forest, layout_rooms
D:2:      layout_rooms, minmay_misc_feat_x, minmay_misc_feat_tower
D:3:      layout_loops_ring, mainiacjoe_overflow_alcove_2,
          hellmonk_ecumenical_altar_watching_god, serial_rivers,
          chequers_serial_rivers_micro_c, chequers_serial_rivers_room_a,
          chequers_serial_rivers_small_3, chequers_serial_rivers_micro_c,
          chequers_serial_rivers_micro_e, st_stairs_1
D:4:      layout_loops_ring, kennysheep_little_box, gammafunk_ghost_grave,
          grunt_ministairs_14

Skill      XL: |  1  2  3  4 |
---------------+-------------+-----
Invocations    | 1 |  1.7
Short Blades   | 1 |  1.5
Long Blades    | 1 |  1.5
Axes           | 1 |  1.5
Maces & Flails | 1 |  1.5
Staves         | 1 |  1.5
Ranged Weapons | 1 |  1.5
Throwing       | 1 |  1.5
Dodging        | 1 |  1.5
Stealth        | 1 |  1.5
Unarmed Combat | 1 |  1.5
Spellcasting   | 1 |  1.5
Evocations     | 1 |  1.5
Shapeshifting  | 1 |  1.3
Conjurations   | 1 |  1.2
Hexes          | 1 |  1.2
Summonings     | 1 |  1.2
Necromancy     | 1 |  1.2
Translocations | 1 |  1.2
Fire Magic     | 1 |  1.2
Ice Magic      | 1 |  1.2
Air Magic      | 1 |  1.2
Earth Magic    | 1 |  1.2
Alchemy        | 1 |  1.2
Fighting       | |  6.7
Polearms       | |  4.8
Armour         | |  6.7
Shields        | |  6.7

Action                     |  1- 3 |  4- 6 || total
---------------------------+-------+-------++-------
  Melee: Trident           |   102 |    37 ||   139
         Bite              |     5 |    11 ||    16
         Falchion          |       |    39 ||    39
 Armour: Scale mail        |    50 |    51 ||   101
  Dodge: Dodged            |    26 |    35 ||    61
  Block: Buckler           |    12 |    19 ||    31
